 Dungeon Crawl Stone Soup version 0.22-a0-558-gc2241811a9 (webtiles) character file.

51317 PikkenKukken the Covert (level 15, -10/95 HPs)
             Began as a Kobold Berserker on June 27, 2018.
             Was an Elder of Trog.
             Killed from afar by a deep troll earth mage (20 damage)
             ... with a blast of rock fragments
             ... on level 11 of the Dungeon.
             The game lasted 01:08:45 (23420 turns).

PikkenKukken the Covert (Kobold Berserker)         Turns: 23420, Time: 01:08:46

Health: -10/95     AC: 15    Str: 20    XL:     15   Next: 1%
Magic:  0/15       EV: 23    Int:  9    God:    Trog [****..]
Gold:   1177       SH:  7    Dex: 18    Spells: 14/14 levels left

rFire    + . .     SeeInvis .   a - +0 rapier
rCold    + . .     Gourm    .   u - +0 buckler
rNeg     . . .     Faith    .   y - +2 ring mail {rC+}
rPois    +         Spirit   +   (helmet restricted)
rElec    .         Reflect  .   E - +0 cloak
rCorr    .         Harm     .   U - +0 pair of gloves {Str+3}
MR       +....                  (no boots)
Stlth    +++++.....             F - amulet of guardian spirit
HPRegen  0.25/turn              w - ring of protection from fire
MPRegen  0.14/turn              l - ring of poison resistance

@: no status effects
A: small, antennae 1, hooves 1, molten scales 1, thin metallic scales 1,
carnivore, sense surroundings 1, evolution 1
a: Berserk, Trog's Hand, Brothers in Arms, Renounce Religion


You were on level 11 of the Dungeon.
You worshipped Trog.
Trog was greatly pleased with you.
You were not hungry.

You visited 2 branches of the dungeon, and saw 18 of its levels.

You collected 1454 gold pieces.
You spent 277 gold pieces at shops.

Inventory:

Hand Weapons
 a - a +0 rapier (weapon)
 b - a +0 hand crossbow
 T - a +2 antimagic short sword
Missiles
 f - 274 arrows (quivered)
 k - 153 bolts
Armour
 n - a +1 ring mail of poison resistance
 u - a +0 buckler (worn)
 y - a +2 ring mail of cold resistance (worn)
 E - a +0 cloak (worn)
 L - the +2 leather armour of the Hot Ocelot {*Drain rElec Str+3 Dex+6}
   (You bought it in a shop on level 9 of the Dungeon)

   It affects your strength (+3).
   It affects your dexterity (+6).
   It insulates you from electricity.
   It causes draining when unequipped.
 N - a +1 helmet
 U - a +0 pair of gloves of strength (worn)
 Y - +0 fire dragon scales
Jewellery
 g - an uncursed ring of ice
 l - a ring of poison resistance (right hand)
 q - an uncursed ring of magical power
 t - an uncursed ring of fire
 w - a ring of protection from fire (left hand)
 C - an uncursed ring of positive energy
 F - an amulet of guardian spirit (around neck)
 R - a +4 amulet of reflection
 W - an uncursed ring of fire
 X - an uncursed ring of protection from fire
Wands
 o - a wand of scattershot (5)
 z - a wand of flame (41)
 A - a wand of polymorph (75)
 B - a wand of digging (6)
 H - a wand of random effects (136)
 I - a wand of paralysis (58)
 K - a wand of iceblast (4)
 O - a wand of enslavement (10)
Scrolls
 s - 5 scrolls of remove curse
 D - a scroll of enchant weapon
 J - 8 scrolls of teleportation
 M - a scroll of holy word
 P - 5 scrolls of identify
 S - a scroll of blinking
 V - a scroll of enchant armour
Potions
 d - a potion of ambrosia
 e - 6 potions of flight
 h - 3 potions of haste
 i - 11 potions of agility
 j - 4 potions of brilliance
 m - 4 potions of might
 p - a potion of berserk rage
 r - 7 potions of heal wounds
 v - 3 potions of magic
 x - 6 potions of curing
 G - a potion of mutation
 Q - a potion of experience {unknown}
Comestibles
 c - 28 rations


   Skills:
 + Level 11.5 Fighting
 + Level 13.6 Short Blades
 - Level 6.0 Crossbows
 - Level 6.6 Throwing
 + Level 8.7 Armour
 + Level 12.2 Dodging
 + Level 13.7 Stealth
 + Level 6.8 Shields


You had 14 spell levels left.
You didn't know any spells.
Your spell library was empty.

Dungeon Overview and Level Annotations

Branches:
Dungeon (12/15)            Temple (0/1) D:7            Lair (6/6) D:11
  Swamp (0/4) Lair:3       Spider (0/4) Lair:4        Slime (0/5) Lair:5
    Orc (0/2) D:10

Altars:
Cheibriados
Gozag
Makhleb
Ru
Trog
Zin

Shops:
D:5 *   D:9 *

Annotations:
Lair:1 exclusion: oklob plant


Innate Abilities, Weirdness & Mutations

You are small and have problems with some larger weapons.
You are carnivorous and can eat meat at any time.
You have a pair of small antennae on your head.
You have large cloven feet.
You are partially covered in molten scales. (AC +2)
You are partially covered in thin metallic scales. (AC +2)
You passively map a small area around you.
You evolve.


Message History

The wall shatters!
The blast of rock fragments hits you!
The deep troll earth mage casts a spell past you.
The wall shatters!
The blast of rock fragments hits you!
* * * LOW HITPOINT WARNING * * *
There is an open door here.
The deep troll earth mage casts a spell past you.
The wall shatters!
The blast of rock fragments hits you!
* * * LOW HITPOINT WARNING * * *
Okay, then.
You fail to use your ability.
You recover from your berserk rage.
Your deep troll goes berserk!
You feel somewhat more hungry. Trog will no longer gift you weapons.
You hear a grinding noise.
Some rock shatters into small pieces.
There is an open door here.
The deep troll earth mage gestures at you while chanting.
The door shatters!
The blast of rock fragments hits you!
You die...

......##.........#..'...........#
###########+#########...........#
.## #..###* #######'##### ..##
##..#.## #....# #..### ####'##.#
#.#### ##...# #........*
####'##### ####'## #......)#
##........# ......#
#.......##.#........#
.}....####......@'.##......>.# ##
......#..'..........TT.......###.
......#.##..[....##.'........'...
......'.##.......####........####
..)...####.......# #........#
......# #.......# #........#
......# #.......# #........#
......# #.......# #........#
###'### ######### ##'#######


You could see a deep troll earth mage and a friendly deep troll (berserk).

Vanquished Creatures
  8 hydras
  A centaur warrior (D:11)
  A catoblepas (Lair:6)
  5 two-headed ogres
  A queen ant (Lair:2)
  14 death yaks
  A phantasmal warrior (D:12)
  A necromancer (Lair:4)
  An ugly thing (D:11)
  4 elephants (Lair:2)
  7 black mambas
  A gargoyle (D:10)
  3 molten gargoyles
  9 spiny frogs
  6 rime drakes
  8 komodo dragons
  A jumping spider (Lair:4)
  A troll (D:11)
  3 hornets
  10 hippogriffs
  A redback (Lair:4)
  23 yaks
  4 wyverns
  A hungry ghost (D:7)
  A human (D:7)
  4 basilisks
  4 hogs (D:7)
  2 steam dragons
  4 wargs (D:10)
  Edmund (D:6)
  5 insubstantial wisps (Lair:3)
  2 acid dragons (D:12)
  5 soldier ants (Lair:2)
  Duvessa (D:7)
  10 water moccasins
  3 hell hounds (Lair:6)
  8 orc warriors
  A swamp drake (D:10)
  3 porcupines
  A sky beast (D:5)
  2 ice beasts
  A black bear (D:7)
  4 phantoms
  6 centaurs
  4 ogres
  3 crocodiles
  7 wolves
  8 bullfrogs
  A wyvern zombie (D:10)
  Dowan (D:7)
  A wyvern skeleton (D:11)
  A water moccasin zombie (D:7)
  A water moccasin skeleton (D:9)
  3 scorpions
  7 killer bees
  2 wights
  A howler monkey (D:6)
  3 electric eels
  10 crimson imps
  2 bullfrog zombies
  3 lava snakes (Lair:6)
  6 orc priests
  4 hounds
  4 orc wizards
  3 centaur skeletons
  16 worker ants
  4 iguanas
  2 polar bear simulacra (Lair:4)
  3 yak simulacra (Lair:4)
  A killer bee zombie (D:9)
  3 wolf simulacra (Lair:4)
  A hound zombie (D:6)
  A gnoll (D:1)
  A howler monkey skeleton (D:11)
  9 adders
  3 shadow imps
  An adder skeleton (D:8)
  An adder zombie (D:5)
  3 worms
  2 dart slugs (D:2)
  7 leopard geckos
  44 orcs
  5 giant cockroaches
  9 goblins
  15 hobgoblins
  2 quokkas
  4 bats
  4 frilled lizards
  4 kobolds
  8 rats
  3 river rat simulacra (Lair:4)
414 creatures vanquished.

Vanquished Creatures (collateral kills)
  A fire dragon (Lair:6)
  A lindwurm (Lair:6)
  A basilisk (Lair:6)
  An orc warrior (D:10)
  A lava snake (Lair:6)
  3 orc priests (D:10)
  An orc wizard (D:10)
9 creatures vanquished.

Vanquished Creatures (others)
  A fungus (Lair:3)
  6 plants
7 creatures vanquished.

Grand Total: 430 creatures vanquished

Notes
Turn   | Place    | Note
-------+----------+-------------------------------------------
     0 | D:1      | PikkenKukken the Kobold Berserker began the quest for the Orb.
     0 | D:1      | Reached XP level 1. HP: 14/14 MP: 1/1
   255 | D:1      | Reached XP level 2. HP: 19/19 MP: 2/2
   425 | D:1      | Reached XP level 3. HP: 18/23 MP: 3/3
  1221 | D:2      | Reached skill level 5 in Short Blades
  1221 | D:2      | Reached XP level 4. HP: 24/29 MP: 4/4
  1246 | D:2      | Reached skill level 1 in Stealth
  1259 | D:2      | Reached ** piety under Trog
  1268 | D:2      | Found a burning altar of Makhleb.
  1270 | D:2      | Found a sacrificial altar of Ru.
  1794 | D:2      | Reached XP level 5. HP: 28/33 MP: 5/5
  2802 | D:4      | Reached XP level 6. HP: 38/38 MP: 6/6
  3480 | D:4      | Found a snail-covered altar of Cheibriados.
  3481 | D:4      | Found an opulent altar of Gozag.
  3671 | D:4      | Found a bloodstained altar of Trog.
  3699 | D:4      | Reached *** piety under Trog
  3811 | D:5      | Entered Level 5 of the Dungeon
  3812 | D:5      | Noticed a sky beast
  3818 | D:5      | Killed a sky beast
  3818 | D:5      | Reached XP level 7. HP: 44/44 MP: 7/7
  3878 | D:5      | Found Numnuul's Assorted Antiques.
  4018 | D:5      | Bought a glowing silver ring for 130 gold pieces
  4167 | D:5      | Reached skill level 5 in Fighting
  4319 | D:5      | Reached skill level 1 in Throwing
  4319 | D:5      | Reached XP level 8. HP: 23/49 MP: 8/8
  4678 | D:5      | Reached skill level 5 in Dodging
  4866 | D:5      | Found a glowing silver altar of Zin.
  5044 | D:6      | Reached skill level 5 in Stealth
  5262 | D:6      | Noticed Edmund
  5279 | D:6      | Killed Edmund
  5660 | D:6      | Reached XP level 9. HP: 55/55 MP: 9/9
  6159 | D:7      | Reached **** piety under Trog
  6264 | D:7      | Reached skill level 5 in Throwing
  6630 | D:7      | Found a bloodstained altar of Trog.
  6900 | D:7      | Noticed a hippogriff
  6914 | D:7      | Killed a hippogriff
  6947 | D:7      | Noticed Duvessa
  6947 | D:7      | Noticed Dowan
  6958 | D:7      | Killed Duvessa
  6963 | D:7      | Killed Dowan
  7041 | D:7      | Reached XP level 10. HP: 42/61 MP: 6/10
  7167 | D:7      | Found a staircase to the Ecumenical Temple.
  7195 | D:7      | Noticed a four-headed hydra
  7197 | D:7      | Noticed a two-headed ogre
  7209 | D:7      | Killed a four-headed hydra
  7215 | D:7      | Killed a two-headed ogre
  7215 | D:7      | Reached skill level 5 in Armour
  7905 | D:7      | Reached skill level 1 in Crossbows
  8200 | D:8      | Reached XP level 11. HP: 68/68 MP: 11/11
  8246 | D:8      | You fall through a shaft for 2 floors!
  8246 | D:10     | Entered Level 10 of the Dungeon
  8641 | D:8      | Reached skill level 1 in Shields
  9100 | D:9      | Found Qaijari's Assorted Antiques.
  9134 | D:9      | Bought an ichor-stained leather armour for 147 gold pieces
  9144 | D:9      | Identified the +2 leather armour of the Hot Ocelot {*Drain rElec Str+3 Dex+6} (You bought it in a shop on level 9 of the Dungeon)
  9164 | D:9      | Noticed a two-headed ogre
  9174 | D:9      | Killed a two-headed ogre
  9174 | D:9      | Noticed a two-headed ogre
  9481 | D:9      | Killed a two-headed ogre
  9481 | D:9      | Reached skill level 10 in Short Blades
  9711 | D:9      | Reached skill level 5 in Crossbows
  9876 | D:9      | Noticed a two-headed ogre
  9879 | D:9      | Killed a two-headed ogre
 10273 | D:10     | Received a gift from Trog
 10635 | D:10     | Gained mutation: You have large cloven feet. [potion of mutation]
 10635 | D:10     | Gained mutation: You evolve. [potion of mutation]
 10635 | D:10     | Gained mutation: You passively map a small area around you. [potion of mutation]
 10726 | D:10     | Found a staircase to the Orcish Mines.
 11371 | D:10     | Reached XP level 12. HP: 42/75 MP: 12/12
 11477 | D:11     | Noticed a death yak
 11482 | D:11     | Noticed a centaur warrior
 11551 | D:10     | Killed a death yak
 11551 | D:10     | Received a gift from Trog
 11551 | D:10     | Reached skill level 10 in Stealth
 11596 | D:11     | Noticed a death yak
 11602 | D:11     | Noticed a death yak
 11603 | D:11     | Noticed a death yak
 11811 | D:11     | Noticed a death yak
 11811 | D:11     | Noticed a death yak
 11857 | D:9      | Killed a death yak
 11909 | D:10     | Killed a death yak
 11918 | D:10     | Killed a death yak
 12038 | D:10     | Killed a death yak
 12315 | D:10     | Gained mutation: You are partially covered in thin metallic scales. (AC +2) [evolution]
 12347 | D:10     | Killed a death yak
 12401 | D:11     | Killed a centaur warrior
 12465 | D:11     | Noticed a two-headed ogre
 12475 | D:11     | Killed a two-headed ogre
 12842 | D:11     | Found a staircase to the Lair.
 12912 | D:11     | Received a gift from Trog
 12914 | D:11     | Reached ***** piety under Trog
 13096 | D:11     | Reached skill level 10 in Dodging
 13222 | Lair:1   | Entered Level 1 of the Lair of Beasts
 13343 | D:11     | Reached XP level 13. HP: 81/81 MP: 13/13
 15632 | Lair:2   | Reached skill level 10 in Fighting
 15910 | Lair:2   | Noticed a four-headed hydra
 15952 | Lair:2   | Received a gift from Trog
 16057 | Lair:2   | Killed a four-headed hydra
 16057 | Lair:2   | Reached skill level 5 in Shields
 17162 | Lair:3   | Noticed a six-headed hydra
 17172 | Lair:3   | Killed a six-headed hydra
 17220 | Lair:3   | Noticed an eight-headed hydra
 17230 | Lair:3   | Killed an eight-headed hydra
 17412 | Lair:3   | Gained mutation: You are partially covered in molten scales. (AC +2) [evolution]
 17906 | Lair:3   | Found a staircase to the Swamp.
 18147 | Lair:4   | Reached XP level 14. HP: 81/88 MP: 12/14
 18152 | Lair:4   | Found a hole to the Spider Nest.
 20304 | Lair:5   | Found a staircase to the Slime Pits.
 20643 | Lair:6   | Entered Level 6 of the Lair of Beasts
 20727 | Lair:5   | Received a gift from Trog
 22672 | Lair:6   | Found a large runed door.
 22673 | Lair:6   | Found a large runed door.
 23252 | Lair:2   | Gained mutation: You have a pair of small antennae on your head. [evolution]
 23356 | D:12     | Noticed a tengu reaver
 23367 | D:12     | Noticed a tengu reaver
 23373 | D:12     | Reached XP level 15. HP: 57/95 MP: 6/15
 23402 | D:12     | HP: 4/95 [deep troll earth mage (16)]
 23420 | D:11     | Killed from afar by a deep troll earth mage

Vault maps used:
D:1:      dpeg_arrival_leaves_temple_mockup
D:2:      lemuel_crystal_altar, lemuel_crystal_altar, corexii_leaking_fountain
D:4:      nicolae_overflow_hidden_temple, minmay_misc_feat_five,
          grunt_ministairs_14, trog_hazing_becter
D:5:      lemuel_coloured_pillars_altar, first_ration, serial_shops, shop_statue
D:6:      uniq_edmund
D:7:      bloody_trog, temple_statues, grunt_livestock, minmay_the_grid_2x2,
          uniq_duvessa
D:8:      minmay_misc_feat_square
D:9:      serial_shops, shop
D:10:     erik_orc_1, nooodl_orcs_dogs
D:11:     dpeg_lair_monsters, minmay_misc_feat_tiny
D:12:     minmay_guarded_unrand_guard
Lair:1:   lab_entry_generic, serial_bayou_shore_b, minmay_lair_oklob_chamber
Lair:2:   wad_woods_antlair, serial_bayou_shore_b
Lair:3:   minmay_swamp_entry_wisps, grunt_megastairs_2,
          infiniplex_staircase_pool
Lair:4:   spider_nest_entry_a, eino_house_with_fridge
Lair:5:   slime_dummy, minmay_lair_drake_nest
Lair:6:   cheibrodos_lair_end_hotspot

Skill      XL: |  1  2  3  4  5  6  7  8  9 10 11 12 13 14 |
---------------+-------------------------------------------+-----
Dodging        | 3 4 5 6 8 9 10 11 12 | 12.2
Short Blades   | 5 6 7 8 9 10 11 12 13 | 13.6
Armour         | 2 3 4 5 6 7 8 |  8.7
Stealth        | 1 2 3 4 5 7 8 9 11 12 13 | 13.7
Fighting       | 4 5 6 7 8 9 10 11 | 11.5
Throwing       | 1 3 5 6 |  6.6
Crossbows      | 2 6 |  6.0
Shields        | 2 4 5 6 |  6.8

Action                   |  1- 3 |  4- 6 |  7- 9 | 10-12 | 13-15 || total
-------------------------+-------+-------+-------+-------+-------++-------
Melee: Short sword       |    88 |   235 |   455 |    97 |       ||   875
       Rapier            |       |       |       |   534 |   870 ||  1404
       Kick              |       |       |       |   134 |   438 ||   572
 Fire: Hand crossbow     |       |       |       |    52 |   122 ||   174
Invok: Berserk           |     4 |     7 |    14 |    22 |    29 ||    76
       Brothers in Arms  |       |       |       |     1 |     3 ||     4
       Trog's Hand       |       |       |       |       |     1 ||     1
  Use: Scroll            |     5 |    13 |     1 |    10 |     7 ||    36
       Potion            |       |       |       |     2 |     3 ||     5
 Stab: Sleeping          |     1 |       |     4 |    18 |     9 ||    32
       Distracted        |     1 |       |       |     1 |       ||     2
  Eat: Chunk             |    13 |    14 |    22 |    45 |    50 ||   144
       Ration            |       |       |     6 |       |     1 ||     7
Armor: Animal skin       |    21 |       |       |       |       ||    21
       Chain mail        |       |    78 |    14 |       |       ||    92
       Scale mail        |       |       |   123 |     8 |       ||   131
       Ring mail         |       |       |       |    58 |    81 ||   139
       Leather armour    |       |       |       |    23 |    46 ||    69
Dodge: Dodged            |    89 |    96 |   257 |   406 |   550 ||  1398
Block: Buckler           |       |       |       |   123 |   217 ||   340

Table legend:
 A = Spawn XP
 B = Non-spawn XP
 C = Spawn XP percentage of total XP
 D = Spawn monster count
 E = Non-spawn monster count
 F = Spawn count percentage of total count
 G = Total turns spent on level
                    A         B        C        D         E        F      G
               +---------+---------+-------+---------+---------+-------+---------
         Total |       0 |   73311 |   0.0 |       0 |     423 |   0.0 | 23420
               +---------+---------+-------+---------+---------+-------+---------
           D:1 |       0 |      49 |   0.0 |       0 |      22 |   0.0 |  1172
           D:2 |       0 |     110 |   0.0 |       0 |      27 |   0.0 |   976
           D:3 |       0 |      35 |   0.0 |       0 |       9 |   0.0 |   601
           D:4 |       0 |     298 |   0.0 |       0 |      23 |   0.0 |  1125
           D:5 |       0 |     691 |   0.0 |       0 |      15 |   0.0 |  1043
           D:6 |       0 |    1075 |   0.0 |       0 |      17 |   0.0 |  1036
           D:7 |       0 |    5121 |   0.0 |       0 |      33 |   0.0 |  2151
           D:8 |       0 |    1718 |   0.0 |       0 |      18 |   0.0 |  1137
           D:9 |       0 |    4278 |   0.0 |       0 |      16 |   0.0 |   949
          D:10 |       0 |    7552 |   0.0 |       0 |      59 |   0.0 |  2179
          D:11 |       0 |    6651 |   0.0 |       0 |      32 |   0.0 |  1052
          D:12 |       0 |    1200 |   0.0 |       0 |       4 |   0.0 |   117
        Lair:1 |       0 |    1753 |   0.0 |       0 |       9 |   0.0 |  1543
        Lair:2 |       0 |   11293 |   0.0 |       0 |      35 |   0.0 |  2046
        Lair:3 |       0 |    4945 |   0.0 |       0 |      19 |   0.0 |  1194
        Lair:4 |       0 |    3396 |   0.0 |       0 |      19 |   0.0 |  1634
        Lair:5 |       0 |    9779 |   0.0 |       0 |      28 |   0.0 |  1398
        Lair:6 |       0 |   13367 |   0.0 |       0 |      38 |   0.0 |  2067
               +---------+---------+-------+---------+---------+-------+---------
